 Dungeon Crawl Stone Soup version 0.31-a0-702-gf82c85558f (webtiles) character file.

Game seed: 910762522331176614

331 qw the Shooter (level 6, 0/38 HPs)
             Began as a Gargoyle Hunter on Sept 7, 2023.
             Slain by a gnoll
             ... wielding a +0 club
              (3 damage)
             ... on level 3 of the Dungeon.
             The game lasted 00:00:59 (1881 turns).

qw the Shooter (Gargoyle Hunter)                    Turns: 1881, Time: 00:00:59

Health: 0/38       AC:  9    Str: 15    XL:     6   Next: 51%
Magic:  6/6        EV: 11    Int:  9    God:
Gold:   129        SH:  0    Dex: 15    Spells: 5/5 levels left

rFire   . . .        Y - +0 shortbow
rCold   . . .        (shield currently unavailable)
rNeg    + . .        e - +0 ring mail
rPois   inf          (no helmet)
rElec   +            (no cloak)
rCorr   .            (no gloves)
SInv    .            (no boots)
Will    .....        (no amulet)
Stlth   +            (no ring)
HPRegen 0.26/turn    (no ring)
MPRegen 0.10/turn

%: no passive effects
@: no status effects
A: sickness immunity, AC +4, negative energy resistance 1, electricity
resistance, torment resistance 1, petrification resistance
a: no special abilities


You were on level 3 of the Dungeon.
You visited 1 branch of the dungeon, and saw 3 of its levels.

You collected 129 gold pieces.


Innate Abilities, Weirdness & Mutations

You are immune to sickness and miasma.
Your stone body is resilient. (AC +4)
You are immune to poison.
You resist negative energy. (rN+)
You are resistant to electric shocks. (rElec)
You are resistant to unholy torment.
You are immune to petrification.


   Skills:
 + Level 3.6 Fighting
 - Level 7.0 Ranged Weapons
 - Level 1.0 Armour
 - Level 1.5 Dodging
 - Level 1.1 Stealth


You had 5 spell levels left.
You didn't know any spells.
Your spell library was empty.

Inventory:

Hand Weapons
 Y - a +0 shortbow (weapon)
Armour
 e - a +0 ring mail (worn)
 k - a +0 pair of boots
Scrolls
 b - a scroll of noise {unknown}
 j - 3 scrolls of identify
Potions
 a - a potion of magic {unknown}
 c - a potion of curing
 d - a potion of lignification {unknown}
 f - a potion of resistance {unknown}
 g - a potion of berserk rage {unknown}
 h - a potion of enlightenment {unknown}
 i - a potion of heal wounds {unknown}

Dungeon Overview and Level Annotations

Branches:
Dungeon (3/15)

Altars:
Kikubaaqudgha
Nemelex Xobeh
Vehumet
The Shining One

Shops:
D:2 [

Annotations:
D:3 1 runed translucent door, Crazy Yiuf


Message History

1876 |||
Found retreat position at -4,2 (floor) with 1 blocking monsters and 4 monsters attacking at destination at distance 4 You shoot an arrow.
The arrow hits the gnoll.
The gnoll is heavily wounded.
The kobold hits you with a +0 club. The gnoll closely misses you.
The kobold closely misses you. x2; The gnoll closely misses you.
The gnoll hits you with a +0 club.
1877 |||
Found retreat position at -4,2 (floor) with 1 blocking monsters and 4 monsters attacking at destination at distance 4 You shoot an arrow.
The arrow closely misses the gnoll.
The kobold hits you with a +0 club. The gnoll hits you but does no damage.
The kobold closely misses you. The kobold barely misses you.
The gnoll closely misses you. The gnoll hits you with a +0 club.
The gnoll closely misses you. The gnoll hits you but does no damage.
The kobold barely misses you.
The gnoll hits you from afar with a +0 halberd.
The kobold closely misses you. The kobold hits you but does no damage.
1878 |||
Found retreat position at -4,2 (floor) with 1 blocking monsters and 4 monsters attacking at destination at distance 4 You shoot an arrow.
The arrow completely misses the gnoll.
The kobold hits you but does no damage. The kobold hits you.
The kobold hits you with a +0 club. The gnoll barely misses you.
The gnoll hits you but does no damage. x2
1879 |||
Found retreat position at -4,2 (floor) with 1 blocking monsters and 4 monsters attacking at destination at distance 4 You shoot an arrow.
The arrow hits the gnoll but does no damage.
The gnoll is heavily wounded.
The kobold barely misses you. x2; The kobold misses you.
The gnoll closely misses you. The gnoll completely misses you.
The gnoll closely misses you.
1880 |||
Found retreat position at -4,2 (floor) with 1 blocking monsters and 4 monsters attacking at destination at distance 4 You shoot an arrow.
The arrow hits the gnoll.
You kill the gnoll!
The kobold hits you but does no damage. The kobold barely misses you.
The kobold hits you with a +0 club.
The gnoll hits you from afar with a +0 halberd.
The gnoll completely misses you.
You shoot an arrow. The arrow hits the gnoll!
The gnoll is severely wounded.
The kobold barely misses you. The kobold closely misses you.
The gnoll hits you but does no damage. The kobold hits you but does no damage.
The gnoll barely misses you. The gnoll hits you with a +0 club.
You die...

~~~~~~~~~~~~~~~~~~~~
####################
...........#..(...
...........'...).. +##
...........####### ....
########.......... .....
#......%...
.....g########..........
' #..Kg@K........#######
#..KKKg........)..)...
#....g)........#......
######################


You could see 4 gnolls and 5 kobolds.

Vanquished Creatures
  Grinder (D:3)
  3 gnolls (D:3)
  4 adders
  A worm (D:2)
  3 dart slugs (D:1)
  8 endoplasms
  4 giant cockroaches
  6 hobgoblins
  22 kobolds
  4 quokkas (D:2)
  7 ball pythons
  3 bats (D:1)
  2 frilled lizards (D:1)
  3 goblins (D:1)
  6 rats
77 creatures vanquished.

Vanquished Creatures (others)
  A human (D:3)
1 creature vanquished.

Grand Total: 78 creatures vanquished

Notes
Turn   | Place    | Note
-------+----------+-------------------------------------------
     0 | D:1      | qw the Gargoyle Hunter began the quest for the Orb.
     0 | D:1      | Reached XP level 1. HP: 12/12 MP: 1/1
     0 | D:1      | 0 ||| qw: Version: 0.3-a-76-g4403597
     0 | D:1      | 0 ||| qw: Game counter: 791
     0 | D:1      | 0 ||| qw: Melee chars always use a shield: true
     0 | D:1      | 0 ||| qw: God list: Okawaru
     0 | D:1      | 0 ||| qw: Allow faded altars: false
     0 | D:1      | 0 ||| qw: Do Orc after clearing Dungeon:15 true
     0 | D:1      | 0 ||| qw: Do second Lair branch before Depths: true
     0 | D:1      | 0 ||| qw: Lair rune preference: random
     0 | D:1      | 0 ||| qw: Goals: Normal
     0 | D:1      | 0 ||| PLANNING D:1-11
   102 | D:1      | Reached XP level 2. HP: 17/17 MP: 2/2
   285 | D:1      | Reached XP level 3. HP: 21/21 MP: 3/3
   325 | D:1      | Reached skill level 5 in Ranged Weapons
   446 | D:1      | 446 ||| Stepping ~*~*~tactically~*~*~ (outnumbered).
   447 | D:1      | 447 ||| Stepping ~*~*~tactically~*~*~ (outnumbered).
   449 | D:1      | 449 ||| Stepping ~*~*~tactically~*~*~ (outnumbered).
   559 | D:1      | 559 ||| UPGRADING to +0 ring mail.
   569 | D:1      | 569 ||| DROPPING +0 leather armour.
   570 | D:1      | 570 ||| DROPPING ring of wizardry.
   571 | D:1      | 571 ||| READING scroll labelled MOOTICH VEUZU.
   572 | D:1      | 572 ||| READING scroll labelled MINUMI QA LOYNN.
   573 | D:1      | 573 ||| DROPPING scroll of butterflies.
   604 | D:2      | Reached skill level 1 in Armour
   604 | D:2      | 604 ||| STAIRDANCE
   740 | D:2      | Reached XP level 4. HP: 27/27 MP: 4/4
   755 | D:2      | Reached skill level 3 in Fighting
   758 | D:2      | Found Jugacsem's Antique Armour Emporium.
   767 | D:2      | 767 ||| SHOPLISTING shiny ring mail (203 gold, have 73).
   942 | D:2      | Found a faded altar of an unknown god.
  1108 | D:2      | Found a radiant altar of Vehumet.
  1165 | D:2      | 1165 ||| DROPPING ring of magical power.
  1166 | D:2      | 1166 ||| DRINKING 2 emerald potions.
  1167 | D:2      | 1167 ||| DRINKING 2 murky golden potions.
  1168 | D:2      | 1168 ||| DROPPING potion of brilliance.
  1299 | D:3      | 1299 ||| Stepping ~*~*~tactically~*~*~ (outnumbered).
  1301 | D:3      | 1301 ||| Stepping ~*~*~tactically~*~*~ (outnumbered).
  1303 | D:3      | 1303 ||| Stepping ~*~*~tactically~*~*~ (outnumbered).
  1304 | D:3      | 1304 ||| Stepping ~*~*~tactically~*~*~ (outnumbered).
  1363 | D:3      | Found a glowing golden altar of the Shining One.
  1406 | D:3      | Found a sparkling altar of Nemelex Xobeh.
  1429 | D:3      | Noticed Grinder
  1430 | D:3      | Paralysed by Grinder for 5 turns
  1438 | D:3      | Paralysed by Grinder for 2 turns
  1453 | D:3      | Killed Grinder
  1454 | D:3      | Reached skill level 7 in Ranged Weapons
  1454 | D:3      | Reached XP level 5. HP: 18/32 MP: 5/5
  1454 | D:3      | Reached XP level 6. HP: 20/37 MP: 6/6
  1555 | D:3      | Found a runed translucent door.
  1556 | D:3      | Noticed Crazy Yiuf
  1651 | D:3      | Found a radiant altar of Vehumet.
  1691 | D:3      | Found an ancient bone altar of Kikubaaqudgha.
  1695 | D:3      | Noticed a human
  1696 | D:3      | Killed a human
  1768 | D:3      | 1768 ||| Stepping ~*~*~tactically~*~*~ (outnumbered).
  1877 | D:3      | HP: 6/37 [gnoll/+0 halberd (6)]
  1880 | D:3      | HP: 2/37 [gnoll/+0 halberd (1)]
  1881 | D:3      | Slain by a gnoll

Levels and vault maps discovered:
D:1:      dpeg_arrival_orchard, layout_basic
D:2:      layout_rooms, basic_altar, hellmonk_ecumenical_altar_heavens_door,
          serial_shops, nicolae_shop_stone
D:3:      minmay_goblin_kobold_castle, layout_loops_cross,
          mainiacjoe_overflow_catch_the_wave, nemelex_diamond_rough_becter,
          tgw_kikubaaqudgha, uniq_ijyb, uniq_grinder, uniq_crazy_yiuf_cottage

Skill      XL: |  1  2  3  4 |
---------------+-------------+-----
Ranged Weapons | 5 7 |  7.0
Armour         | 1 |  1.0
Fighting       | 3 |  3.6
Dodging        | |  1.5
Stealth        | |  1.1

Action                     |  1- 3 |  4- 6 || total
---------------------------+-------+-------++-------
   Fire: Shortbow          |   117 |   131 ||   248
    Use: Scroll            |     2 |       ||     2
         Potion            |       |     2 ||     2
 Armour: Leather armour    |    18 |       ||    18
         Ring mail         |    21 |    85 ||   106
  Dodge: Dodged            |    32 |    77 ||   109

Table legend:
 A = Non-vault XP
 B = Vault XP
 C = Vault XP percentage of total XP
 D = Non-vault monster count
 E = Vault monster count
 F = Vault count percentage of total count
                 A         B        C        D         E       F
            +---------+---------+-------+---------+---------+-------
      Total |     155 |     318 |  67.2 |      61 |      16 |  20.8
            +---------+---------+-------+---------+---------+-------
        D:1 |      52 |       0 |   0.0 |      31 |       0 |   0.0
        D:2 |      76 |       0 |   0.0 |      21 |       0 |   0.0
        D:3 |      27 |     318 |  92.2 |       9 |      16 |  64.0
            +---------+---------+-------+---------+---------+-------
